 Dungeon Crawl Stone Soup version 0.21-a0-95-g06f091e (webtiles) character file.

19 grindst0ne the Insei (level 2, 21/21 HPs)
             Began as a Merfolk Transmuter on July 4, 2017.
             Was a Follower of Trog.
             Got out of the dungeon alive.
             The game lasted 00:01:44 (845 turns).

grindst0ne the Insei (Merfolk Transmuter)            Turns: 845, Time: 00:01:45

Health: 21/21      AC:  1    Str: 10    XL:     2   Next: 75%
Magic:  5/5        EV: 13    Int: 12    God:    Trog [*.....]
Gold:   50         SH:  0    Dex: 14    Spells: 4/5 levels left

rFire    . . .     SeeInvis .     - Unarmed
rCold    . . .     Gourm    .   (no shield)
rNeg     . . .     Faith    .   b - +0 robe
rPois    .         Spirit   .   (no helmet)
rElec    .         Reflect  .   (no cloak)
rCorr    .         Harm     .   l - -2 pair of gloves (curse)
MR       .....                  (no boots)
Stlth    +.........             (no amulet)
HPRegen  0.07/turn              (no ring)
MPRegen  0.09/turn              (no ring)

@: no status effects
A: change form in water, swift swim, stealthy swim
a: Berserk, Burn Spellbooks, Renounce Religion


You escaped.
You worshipped Trog.
Trog was aware of your devotion.
You were not hungry.

You visited 1 branch of the dungeon, and saw 2 of its levels.

You collected 50 gold pieces.

Inventory:

Missiles
 a - 12 arrows
Armour
 b - a +0 robe (worn)
 l - a cursed -2 pair of gloves (worn)
Jewellery
 n - an uncursed amulet of regeneration {unknown}
Scrolls
 h - a scroll of remove curse {unknown}
 j - a scroll of teleportation {unknown}
 k - 2 scrolls of fog {unknown}
 o - a scroll of identify {unknown}
Potions
 e - a potion of magic {unknown}
 m - a potion of haste {unknown}
 p - a potion of degeneration {unknown}
Books
 c - a book of Changes

   Spells                             Type                      Level
   a - Beastly Appendage              Transmutation                1
   b - Sticks to Snakes               Transmutation                2
   c - Spider Form                    Transmutation/Poison         3
   d - Ice Form                       Ice/Transmutation            4
   e - Blade Hands                    Transmutation                5
   Trog disapproves of the use of such an item.
Comestibles
 d - a bread ration
 f - a royal jelly
 i - a fruit


   Skills:
 - Level 1.1 Fighting
 - Level 2.6 Dodging
 + Level 3.7 Unarmed Combat
 - Level 2.0 Spellcasting
 - Level 3.6 Transmutations


You had 4 spell levels left.
You knew the following spells:

 Your Spells              Type           Power        Failure   Level  Hunger
a - Beastly Appendage     Tmut           ##....       6%          1    ##.....


Dungeon Overview and Level Annotations

Branches:
Dungeon (2/15)

Altars:
Trog


Message History

You can now call upon Trog to burn spellbooks in your surroundings.
You can now go berserk at will.
(D) Dungeon
Where to? (Enter - D:2, ? - help)
You see here a dagger.
You see here a club.
You see here a club.
You see here 2 javelins.
Some of the chunks of flesh in your inventory have rotted away.
There is a stone staircase leading up here.
You climb upwards.
There is a stone staircase leading down here.
You can't go up here!
You see here a club.
Some of the chunks of flesh in your inventory have rotted away.
All of the chunks of flesh in your inventory have rotted away.
There is an open door here.
There is a staircase leading out of the dungeon here.
Are you sure you want to leave the Dungeon?
This will make you lose the game!
You have escaped!

#.# #.#
##.# #..#
#.##
#######.#
#.....#.#
#.....#.#
#@.8..'.#
#.....###
#.....#
#######


There were no monsters in sight!

Vanquished Creatures
  An ooze (D:1)
  A giant cockroach (D:1)
  2 hobgoblins
  3 frilled lizards
  4 goblins
  3 kobolds
  A rat (D:1)
15 creatures vanquished.

Notes
Turn   | Place    | Note
-------+----------+-------------------------------------------
     0 | D:1      | grindst0ne the Merfolk Transmuter began the quest for the Orb.
     0 | D:1      | Reached XP level 1. HP: 15/15 MP: 3/3
   154 | D:1      | Reached XP level 2. HP: 12/21 MP: 3/5
   666 | D:2      | Found a faded altar of an unknown god.
   702 | D:2      | Became a worshipper of Trog the Wrathful
   702 | D:2      | Reached * piety under Trog
   845 | D:$      | Got out of the dungeon alive.

Vault maps used:
D:1:      minmay_arrival_solitary_statue, st_stairs_6
D:2:      first_bread, chequers_ecumenical_altar_simple

Skill      XL: |  1 |
---------------+----+-----
Transmutations | 3 |  3.6
Fighting       | |  1.1
Dodging        | |  2.6
Unarmed Combat | |  3.7
Spellcasting   | |  2.0

Action                   || total
-------------------------++-------
Melee: Unarmed           ||    33
       Headbutt          ||     5
       Punch             ||     1
 Cast: Beastly Appendage ||    11
Armor: Robe              ||     4
Dodge: Dodged            ||    19
